 Dungeon Crawl Stone Soup version 0.31.0-12-g77e489cdc1 (webtiles) character file.

Game seed: 6724835799982815502

340 MollyMolluskus the Ruffian (level 6, -3/43 HPs)
             Began as an Octopode Fighter on Feb 13, 2024.
             Slain by a lemure (8 damage)
             ... led by Pikel
             ... on level 4 of the Dungeon.
             The game lasted 00:10:58 (2751 turns).

MollyMolluskus the Ruffian (Octopode Fighter)       Turns: 2751, Time: 00:10:58

Health: -3/43      AC:  1    Str: 17    XL:     6   Next: 56%
Magic:  6/6        EV: 13    Int: 11    God:
Gold:   223        SH:  5    Dex: 11    Spells: 5/5 levels left

rFire   . .          .
                       - Unarmed
rCold   . . .        a - +1 buckler
rNeg    . . .        (helmet restricted)
rPois   .            (no amulet)
rElec   .            (no ring)
rCorr   .            (no ring)
SInv    .            (no ring)
Will    .....        (no ring)
Stlth   +++          (no ring)
HPRegen 0.27/turn    (no ring)
MPRegen 0.10/turn    (no ring)
                     (no ring)

%: no passive effects
@: no status effects
A: almost no armour, amphibious, 8 rings, camouflage 1, gelatinous body 1,
(nimble swimmer 1), tentacles
a: no special abilities


You were on level 4 of the Dungeon.
You visited 2 branches of the dungeon, and saw 5 of its levels.

You collected 223 gold pieces.

Inventory:

Missiles
 e - 13 poisoned darts
 m - 5 boomerangs (quivered)
 n - 2 throwing nets
Armour
 a - a +1 buckler (worn)
 j - a +0 hat
Wands
 h - a wand of paralysis (10)
Scrolls
 c - 2 scrolls of teleportation
 f - a scroll of poison
Potions
 b - a potion of might
 d - a potion of curing
 g - 2 potions of haste {unknown}
 i - a potion of enlightenment {unknown}
 k - 2 potions of heal wounds {unknown}
 l - a potion of mutation {unknown}
 o - a potion of lignification


   Skills:
 + Level 3.9 Fighting
 + Level 3.9 Dodging
 + Level 3.3 Stealth
 + Level 3.9 Shields
 * Level 4.3 Unarmed Combat


You had 5 spell levels left.
You didn't know any spells.
Your spell library contained the following spells:

 Spells                   Type           Power      Damage    Failure   Level
 Dazzling Flash           Conj/Hex       0%         N/A       80%         3
 Volatile Blastmotes      Fire/Tloc      0%         2d10      80%         3
 Summon Lightning Spire   Summ/Air       0%         N/A       99%         4
 Lee's Rapid Deconstruct  Erth           0%         3d4*      100%        5
 Starburst                Conj/Fire      0%         6d3       100%        6
 Maxwell's Capacitive Co  Air            0%         ∞         100%        8
 Animate Armour           Summ/Erth      Unusable   N/A       N/A         4

Dungeon Overview and Level Annotations

Branches:
Dungeon (4/15)             Temple (1/1) D:4

Altars:
Ashenzari
Dithmenos
Elyvilon
Fedhas
Hepliaklqana
Nemelex Xobeh
Okawaru
Qazlal
Ru
Sif Muna
Trog
Uskayaw
Vehumet
Yredelemnul
Zin
The Shining One

Annotations:
D:4 Pikel


Innate Abilities, Weirdness & Mutations

You cannot wear most types of armour.
You are amphibious.
You can wear up to eight rings at the same time.
Your skin changes colour to match your surroundings (Stealth+).
Your rubbery body absorbs attacks. (AC +1, EV +1)
((You are camouflaged when in or above water. (Stealth+)))
You have tentacles for arms and can constrict up to eight enemies at once.


Message History

You add the spells Volatile Blastmotes, Dazzling Flash, Starburst and Maxwell's Capacitive Coupling to your library.
Pikel, Merchant of Souls comes into view.
He is wielding a +1 whip of electrocution.
A lemure comes into view.
A lemure comes into view.
Found 10 gold pieces.
The lemure shouts!
Pikel shouts!
The lemure shouts!
You tentacle-slap Pikel. Your grab misses Pikel.
Pikel is lightly wounded.
Pikel closely misses you.
Unknown command.
You tentacle-slap Pikel but do no damage.
You grab Pikel. You squeeze Pikel, but do no damage.
Pikel is lightly wounded.
You constrict Pikel.
Pikel cracks his whip.
Pikel hits you with a +1 whip of electrocution.
You tentacle-slap Pikel but do no damage.
Pikel is lightly wounded.
You constrict Pikel.
Pikel hits you with a +1 whip of electrocution.
You are electrocuted!
You tentacle-slap Pikel. You squeeze Pikel.
Pikel is heavily wounded.
You constrict Pikel. The lemure hits you! Pikel misses you.
You tentacle-slap Pikel. You squeeze Pikel, but do no damage.
Pikel is heavily wounded.
You constrict Pikel, but do no damage. The hound closely misses you.
The lemure barely misses you. Pikel closely misses you. The lemure hits you!
* * * LOW HITPOINT WARNING * * *
Unknown command.
You tentacle-slap Pikel.
Pikel is heavily wounded.
You constrict Pikel, but do no damage. The hound bites you.
* * * LOW HITPOINT WARNING * * *
You block the hound's attack. The lemure hits you.
* * * LOW HITPOINT WARNING * * *
Pikel says, "You'll make a fine lemure."
You block Pikel's attack. The lemure hits you!
You die...

# ..####..... .#. ### #.......#.$
...## ###.###.##.......
.....###...#............
...............P.......# ## .
#......<....P....P...## ##. ...
#...........h5.......### ##..
...##...........@5...P.....###.[.
...####.###.##...K......#....#.†.
...####.##..##......P...##.#...†.
.>.#....#....#..........##.##....
#.......#.##.##.........##.####..
#..........#.###........##..##...
#.......>............######.##...
#....###.##.......##..#####.##...
#..### ..# .....## ##....##.###..


You could see Pikel, 2 lemures and a hound.

Vanquished Creatures
  2 lemures (D:4)
  2 kobold brigands (D:3)
  A gnoll bouda (D:4)
  An orc priest (D:3)
  3 gnolls (D:4)
  2 adders (D:2)
  A dart slug (D:2)
  4 orcs (D:3)
  7 ball pythons
  7 endoplasms
  3 giant cockroaches (D:4)
  9 goblins
  12 hobgoblins
  9 jackals
  12 kobolds
  2 quokkas (D:1)
  3 bats
  4 frilled lizards
  7 rats
91 creatures vanquished.

Notes
Turn   | Place    | Note
-------+----------+-------------------------------------------
     0 | D:1      | MollyMolluskus the Octopode Fighter began the quest for the
                  | Orb.
     0 | D:1      | Reached XP level 1. HP: 16/16 MP: 1/1
   128 | D:1      | Reached XP level 2. HP: 19/21 MP: 2/2
   156 | D:1      | Reached skill level 1 in Stealth
   538 | D:1      | Reached XP level 3. HP: 26/26 MP: 3/3
  1396 | D:2      | Reached skill level 3 in Unarmed Combat
  1396 | D:2      | Reached XP level 4. HP: 27/31 MP: 4/4
  1758 | D:3      | Reached XP level 5. HP: 27/36 MP: 5/5
  1763 | D:3      | Noticed a kobold brigand
  1804 | D:3      | Noticed a kobold brigand
  1815 | D:3      | Killed a kobold brigand
  1818 | D:3      | Killed a kobold brigand
  1819 | D:3      | Reached skill level 4 in Unarmed Combat
  1819 | D:3      | Reached XP level 6. HP: 9/43 MP: 6/6
  2251 | D:4      | Found a radiant altar of Vehumet.
  2252 | D:4      | Found a bloodstained altar of Trog.
  2629 | D:4      | Found a staircase to the Ecumenical Temple.
  2636 | Temple   | Entered the Ecumenical Temple
  2741 | D:4      | Noticed Pikel
  2751 | D:4      | Slain by a lemure

Illustrated notes

Levels and vault maps discovered:
D:1:      matt_arrival_refuge, layout_basic
D:2:      layout_basic
D:3:      cheibrodos_thug_alley, layout_rooms, feat_on_display
D:4:      layout_rooms, nicolae_gozag_zags_fifth_avenue,
          gammafunk_temple_overflow_statue, temple_green, serial_shops, shop,
          hangedman_decor_diamond_cutter, nicolae_grassy_gnolls, uniq_pikel,
          uniq_natasha, uniq_menkaure
Temple:   compressed_dpeg_circular_temple

Skill      XL: |  1  2  3  4  5 |
---------------+----------------+-----
Stealth        | 1 2 3 |  3.3
Unarmed Combat | 3 4 |  4.3
Fighting       | |  3.9
Dodging        | |  3.9
Shields        | |  3.9

Action                     |  1- 3 |  4- 6 || total
---------------------------+-------+-------++-------
  Melee: Unarmed           |    82 |   108 ||   190
         Constrict         |    20 |    31 ||    51
         Tentacles         |    13 |    19 ||    32
         Punch             |     1 |     1 ||     2
  Throw: Boomerang         |     3 |     6 ||     9
    Use: Scroll            |     8 |     1 ||     9
         Potion            |       |     3 ||     3
   Stab: Sleeping          |     5 |     4 ||     9
 Armour: Skin              |    27 |    43 ||    70
  Dodge: Dodged            |    20 |    64 ||    84
  Block: Buckler           |    15 |    36 ||    51
